 Dungeon Crawl Stone Soup version 0.18-a0-1788-g92de1ac (webtiles) character file.

115 Kilingo the Covered (level 4, -2/39 HPs)
             Began as a Minotaur Berserker on Apr 20, 2016.
             Was a Believer of Trog.
             Killed by nerve-wracking pain
             ... invoked by an orc priest
              (12 damage)
             ... on level 3 of the Dungeon.
             The game lasted 00:21:06 (2037 turns).

Kilingo the Covered (Minotaur Berserker)            Turns: 2037, Time: 00:21:08

Health: -2/39      AC:  2    Str: 21    XL:     4   Next: 68%
Magic:  3/3        EV: 13    Int:  4    God:    Trog [**....]
Gold:   99         SH:  0    Dex: 11    Spells: 0 memorised, 3 levels left

rFire  . . .     SeeInvis .     a - +0 flail
rCold  . . .     Gourm    .     j - +0 animal skin
rNeg   . . .     Faith    .     (no shield)
rPois  .         Spirit   .     (helmet restricted)
rElec  .         Dismiss  .     (no cloak)
rCorr  .         Reflect  .     (no gloves)
SustAt .         Harm     .     (no boots)
MR     .....                    (no amulet)
Stlth  +.........               (no ring)
                                (no ring)

@: exhausted, slowed, very slow, not resistant to hostile enchantments, very
unstealthy
A: retaliatory headbutt, horns 2
a: Berserk, Trog's Hand, Burn Spellbooks, Renounce Religion


You were on level 3 of the Dungeon.
You worshipped Trog.
Trog was pleased with you.
You were not hungry.

You visited 1 branch of the dungeon, and saw 3 of its levels.

You collected 99 gold pieces.

Inventory:

Hand Weapons
 a - a +0 flail (weapon)
 b - a +0 hunting sling
 r - a +1 dagger of venom
Missiles
 h - 19 stones (quivered)
Armour
 g - a cursed +0 chain mail
 j - a +0 animal skin (worn)
 t - a +0 cloak
Jewellery
 e - an uncursed ring of protection from magic {unknown}
Wands
 u - a wand of flame (21/48)
Scrolls
 i - a scroll of fog {unknown}
 l - 6 scrolls of blinking
 n - 2 scrolls of amnesia {unknown}
 p - 2 scrolls of teleportation {unknown}
 q - a scroll of identify {unknown}
Potions
 d - 2 potions of cancellation
 m - a potion of mutation {unknown}
 o - 3 potions of flight
 s - a potion of resistance {unknown}
 w - a potion of curing {unknown}
Comestibles
 c - a bread ration
 f - 3 chunks of flesh
 k - a meat ration
 v - a beef jerky


   Skills:
 - Level 3.6 Fighting
 - Level 3.6 Maces & Flails
 - Level 1.6 Slings
 - Level 3.9 Armour
 - Level 3.8 Dodging
 + Level 1.0 Evocations


You had 3 spell levels left.
You didn't know any spells.

Dungeon Overview and Level Annotations

Branches:
Dungeon (3/15)

Altars:
The Shining One

Annotations:
D:3 Robin


Innate Abilities, Weirdness & Mutations

You reflexively headbutt those who attack you in melee.
You have a pair of horns on your head.


Message History

Your Evocations skill increases to level 1!
You sock the goblin!
You kill the goblin!
Trog accepts your kill.
A giant newt comes into view.
A hobgoblin and an orc come into view.
You are no longer berserk.
You are exhausted.
You feel yourself slow down.
The orc shouts!
The hobgoblin shouts!
Robin throws the goblin at you! The orc priest misses you.
You furiously retaliate!
You headbutt the orc priest.
The orc moves out of view.
The goblin hits you.
* * * LOW HITPOINT WARNING * * *
Items here: ( )))) †† You hit the orc priest.
The orc priest is moderately wounded.
The orc priest invokes the aid of Beogh against you.
Pain shoots through your body!
You die...

#####.###
#.#....#
# ....
#.#
#.#.####
.... #.#
#.#.# ##
..§§. #.#
#.#.# #.
..g§. #.#
#.#.# #[
≈§§llg#.#
..# #.
.§..lo#.#
### #.
?.#§.go†#
#.
§≈§§..#@#
#. §≈.gg
#g# #.


§gog #.# #. ..g #.# #. .. #.# #. . #.# ## #.# .?# ### You could see Robin, an
orc priest, an orc, a hobgoblin, 2 goblins and 3 giant newts.

Vanquished Creatures
  A centaur skeleton (D:3)
  3 adders (D:2)
  A worm (D:2)
  2 giant geckos (D:1)
  2 orcs (D:3)
  4 giant cockroaches
  19 goblins
  4 bats
  5 giant newts
  7 kobolds
  7 rats
55 creatures vanquished.

Notes
Turn   | Place    | Note
--------------------------------------------------------------
     0 | D:1      | Kilingo the Minotaur Berserker began the quest for the Orb.
     0 | D:1      | Reached XP level 1. HP: 19/19 MP: 0/0
    76 | D:1      | You fall through a shaft!
   333 | D:1      | Reached XP level 2. HP: 19/26 MP: 1/1
   799 | D:2      | Reached skill level 1 in Slings
   799 | D:2      | Reached XP level 3. HP: 23/31 MP: 2/2
  1048 | D:2      | Found a glowing golden altar of the Shining One.
  1350 | D:2      | Reached ** piety under Trog
  1728 | D:3      | Reached XP level 4. HP: 39/39 MP: 3/3
  2018 | D:3      | Noticed Robin
  2034 | D:3      | Reached skill level 1 in Evocations
  2037 | D:3      | Killed from afar by an orc priest

Vault maps used:
D:1:      lightli_arrival_windingriver, st_stairs_12, minmay_lizard_king
D:2:      nicolae_tso_carved_into_rock
D:3:      kennysheep_generic_room_2, uniq_robin

Skill      XL: |  1  2  3  4 |
---------------+-------------+-----
Dodging        | 3 |  3.8
Armour         | 3 |  3.9
Slings         | 1 |  1.6
Evocations     | 1 |  1.0
Fighting       | |  3.6
Maces & Flails | |  3.6

Action                   |  1- 3 |  4- 6 || total
-------------------------+-------+-------++-------
Melee: Mace              |    70 |       ||    70
       Headbutt          |    10 |     1 ||    11
       Flail             |    15 |    28 ||    43
 Fire: Hunting sling     |     6 |     2 ||     8
Invok: Berserk           |     2 |     2 ||     4
  Use: Scroll            |     1 |       ||     1
       Potion            |     2 |       ||     2
  Eat: Chunk             |     4 |       ||     4
       Bread ration      |     1 |       ||     1
Armor: Animal skin       |    12 |     1 ||    13
Dodge: Dodged            |    58 |    14 ||    72
